[Event "*** SCC Grand Prix: Titled Tuesday Blitz"]
[Site "Chess.com"]
[Date "2020.09.08"]
[Round "6"]
[White "Kotofeyca"]
[Black "NikolaGry"]
[Result "0-1"]
[WhiteElo "2353"]
[BlackElo "2592"]
[TimeControl "180+1"]
[EndTime "11:06:09 PDT"]
[Termination "NikolaGry won by resignation"]

1. d4 g6 2. c4 Bg7 3. Nc3 c5 4. Nf3 cxd4 5. Nxd4 Nc6 6. e3 Nf6 7. Be2 O-O 8. O-O d6 9. b3 Bd7 10. Bb2 a6 11. Rc1 Nxd4 12. Qxd4 Bc6 13. Rfd1 Rc8 14.
Qh4 Qa5 15. Rc2 b5 16. cxb5 Bxb5 17. Bxb5 axb5 18. Rdc1 b4 19. Na4 Rxc2 20. Rxc2 Qf5 21. Qc4 d5 22. Qc7 h5 23. h3 g5 24. Bd4 g4 25. hxg4 hxg4 26. Qe5 Qxc2 0-1

[Event "*** SCC Grand Prix: Titled Tuesday Blitz"]
[Site "Chess.com"]
[Date "2020.09.08"]
[Round "6"]
[White "lacafi"]
[Black "Sofiia_Hryzlova"]
[Result "0-1"]
[WhiteElo "2154"]
[BlackElo "2283"]
[TimeControl "180+1"]
[EndTime "11:06:10 PDT"]
[Termination "Sofiia_Hryzlova won on time"]

1. d4 Nf6 2. Nf3 e6 3. e3 c5 4.
Bd3 d5 5. c3 Nc6 6. Nbd2 Bd6 7.
Qe2 c4 8. Bc2 b5 9. O-O Bb7 10. e4 dxe4 11. Nxe4 Be7 12. Re1 O-O 13. Neg5 h6 14. Nxe6 fxe6 15. Qxe6+ Kh8 16. Nh4 g5 17.
Ng6+ Kg7 18. Nxe7 Re8 19. Bxg5 Qxe7 20. Bxf6+ Qxf6 21. Qd7+ Qf7 22. Qg4+ Kh8 23. Bg6 Qg7 24. Qh5 Rg8 0-1

[Event "*** SCC Grand Prix: Titled Tuesday Blitz"]
[Site "Chess.com"]
[Date "2020.09.08"]
[Round "6"]
[White "j_coca"]
[Black "chesslh19"]
[Result "1/2-1/2"]
[WhiteElo "2326"]
[BlackElo "2211"]
[TimeControl "180+1"]
[EndTime "11:06:12 PDT"]
[Termination "Game drawn - insufficient material"]

1. f4 e5 2. fxe5 d6 3. exd6 Bxd6 4. Nf3 g5 5. d4 g4 6. Ng5 Nf6 7. Qd3 Qe7 8. Nd2 Nc6 9. c3 Bd7 10. g3 O-O-O 11. Bg2 h5 12. Nge4 Nxe4 13. Nxe4 Kb8 14. Nxd6 cxd6 15. O-O f5 16. e4 fxe4 17. Qxe4 Rde8 18.
Qxe7 Rxe7 19. Bf4 Kc7 20. a4 Rhe8 21. b4 Re2 22. a5 a6 23. b5 axb5 24. a6 bxa6 25.
Rxa6 Rb8 26. Rc1 Rb6 27. Rxb6 Kxb6 28. Bxd6 Bf5 29. Bc5+ Kc7 30. c4 bxc4 31. Rxc4 Be4 32. Bxe4 Rxe4 33. Kf2 Re8 34. d5 Ne5 35. Rc3 Kd7 36.
Ra3 Rc8 37. Ra7+ Rc7 38. Rxc7+ Kxc7 39. Ke3 Nf3 40. Kf4 Nxh2 41. Kg5 Nf1 42. Bf2 Kd6 43.
Kxh5 Kxd5 44. Kxg4 Nxg3 1/2-1/2

[Event "*** SCC Grand Prix: Titled Tuesday Blitz"]
[Site "Chess.com"]
[Date "2020.09.08"]
[Round "6"]
[White "Parhamov"]
[Black "Gloomy_Wanderer"]
[Result "1-0"]
[WhiteElo "2996"]
[BlackElo "2738"]
[TimeControl "180+1"]
[EndTime "11:06:15 PDT"]
[Termination "Parhamov won by resignation"]

1. c4 e5 2. g3 Nc6 3. Bg2 f5 4.
Nc3 Nf6 5. d3 Bb4 6. Bd2 O-O 7.
Nd5 Bxd2+ 8. Qxd2 d6 9. e3 Nxd5 10. cxd5 Ne7 11. Ne2 Kh8 12. O-O Ng8 13. f4 Qe7 14.
Rae1 Nf6 15. e4 fxe4 16. dxe4 Bd7 17. Nc3 Rae8 18. f5 Rd8 19. h3 c6 20. g4 cxd5 21. g5 Nxe4 22. Bxe4 dxe4 23. Nd5 Qf7 24. g6 hxg6 25.
Qg5 Qxd5 26. fxg6 Qd4+ 27. Kh1 Rf3 28. Qxd8+ 1-0

[Event "*** SCC Grand Prix: Titled Tuesday Blitz"]
[Site "Chess.com"]
[Date "2020.09.08"]
[Round "6"]
[White "anasta10"]
[Black "DIM90"]
[Result "1/2-1/2"]
[WhiteElo "2453"]
[BlackElo "2346"]
[TimeControl "180+1"]
[EndTime "11:06:19 PDT"]
[Termination "Game drawn by repetition"]

1. d4 e5 2. dxe5 Nc6 3. Nf3 Qe7 4. Nc3 Nxe5 5. Nxe5 Qxe5 6. g3 Bc5 7. Bg2 d6 8. O-O Nf6 9. Bf4 Qh5 10. e4 Bg4 11. Qd2 O-O 12. Be3 Rad8 13. Bxc5 dxc5 14. Qe3 b6 15. f3 Be6 16. Rfd1 c6 17. a4 g5 18. Ne2 Bc4 19. b3 Bxe2 20. Qxe2 g4 21. e5 Nd5 22. fxg4 Qg5 23. Rd3 Nb4 24. Rd6 Rfe8 25. Rxd8 Rxd8 26. c3 Rd2 27. Qf3 Nd3 28. Qe4 Rxg2+ 29. Kxg2 Qd2+ 30. Kg1 Qf2+ 31. Kh1 Qb2 32. Qxd3 Qxa1+ 33. Kg2 Qb2+ 34. Kh3 Qxb3 35. Qd8+ Kg7 36. Qf6+ Kg8 37. Qd8+ Kg7 38. Qf6+ Kf8 39. Qd8+ Kg7 1/2-1/2

[Event "*** SCC Grand Prix: Titled Tuesday Blitz"]
[Site "Chess.com"]
[Date "2020.09.08"]
[Round "6"]
[White "The_Machine04"]
[Black "lelya96"]
[Result "0-1"]
[WhiteElo "2264"]
[BlackElo "2168"]
[TimeControl "180+1"]
[EndTime "11:06:22 PDT"]
[Termination "lelya96 won by resignation"]

1. d4 Nf6 2. Bg5 d5 3. Nd2 e6 4. e3 Be7 5. Bd3 Nfd7 6. Bxe7 Qxe7 7. c3 c5 8. f4 Nc6 9. Ngf3 Nb6 10. O-O c4 11.
Bc2 Bd7 12. Ne5 O-O-O 13. b3 f6 14. Nxd7 Rxd7 15. bxc4 dxc4 16. a4 Na5 17. Rb1 Nd5 18. Rb5 Nxc3 19. Rc5+ Kb8 20. Qa1 Nd5 21. Rxa5 Nxe3 22.
Be4 Qb4 23. Rb5 Qxd2 24. Rb2 Qxd4 25. Rd2 Qxe4 26. Re2 Qd3 27. Rfe1 Nc2 0-1

[Event "*** SCC Grand Prix: Titled Tuesday Blitz"]
[Site "Chess.com"]
[Date "2020.09.08"]
[Round "6"]
[White "Oglob71"]
[Black "LubovMarkelova"]
[Result "0-1"]
[WhiteElo "2517"]
[BlackElo "2244"]
[TimeControl "180+1"]
[EndTime "11:06:23 PDT"]
[Termination "LubovMarkelova won on time"]

1. d4 d5 2. c4 c6 3. Nf3 Nf6 4. e3 Bf5 5. Nc3 e6 6. Nh4 Be4 7. f3 Bg6 8. Qb3 Qc7 9. Bd2 Nbd7 10. O-O-O Be7 11. cxd5 cxd5 12. Nxg6 hxg6 13. Kb1 Rxh2 14.
Rxh2 Qxh2 15. Qxb7 Qb8 16. Qxb8+ Rxb8 17. Rc1 Rc8 18. Nb5 Rxc1+ 19. Kxc1 g5 20. Nxa7 g4 21. Nc6 Bd6 22. b4 Nb6 23. Kc2 Kd7 24. Na5 gxf3 25. gxf3 g5 26. Kb3 g4 27. fxg4 Nxg4 28. a4 Nh2 29. Be2 f5 0-1

[Event "*** SCC Grand Prix: Titled Tuesday Blitz"]
[Site "Chess.com"]
[Date "2020.09.08"]
[Round "6"]
[White "davigator"]
[Black "ShahMatKanal"]
[Result "0-1"]
[WhiteElo "2355"]
[BlackElo "2542"]
[TimeControl "180+1"]
[EndTime "11:06:23 PDT"]
[Termination "ShahMatKanal won by resignation"]

1. e4 c5 2. Nf3 Nc6 3. d4 cxd4 4. Nxd4 e5 5. Nb5 a6 6. Nd6+ Bxd6 7. Qxd6 Qf6 8. Qc7 Nge7 9. Nc3 O-O 10. Bd3 b5 11. O-O Rb8 12. Nd5 Nxd5 13. exd5 Rb7 14. Qxb7 Bxb7 15. dxc6 Qxc6 16. f3 d5 17. Be3 d4 18.
Bf2 Qd6 19. a4 b4 20. a5 Re8 21. Rfe1 g6 22. Be4 Bxe4 23. fxe4 b3 24. cxb3 Qb4 25. Ra3 Rc8 26. Rd1 Rc2 27. Be1 Qb5 28. Rd2 Rxd2 29. Bxd2 Qe2 30. Bb4 d3 31. Ra1 d2 32.
Bxd2 Qxd2 33. h3 Qxb2 34. Rd1 Qxb3 35. Rd6 Qb5 36. Rd5 Qb1+ 37. Kh2 Qxe4 38. Rd6 Qf4+ 39. Kh1 e4 40. Rxa6 Qf1+ 0-1

[Event "*** SCC Grand Prix: Titled Tuesday Blitz"]
[Site "Chess.com"]
[Date "2020.09.08"]
[Round "6"]
[White "AlexTriapishko"]
[Black "arminmusovic"]
[Result "1-0"]
[WhiteElo "2746"]
[BlackElo "2570"]
[TimeControl "180+1"]
[EndTime "11:06:24 PDT"]
[Termination "AlexTriapishko won by resignation"]

1. d4 d5 2. Nc3 c5 3. Bf4 a6 4.
e4 dxe4 5. dxc5 Qxd1+ 6. Rxd1 Nf6 7.
Na4 Nbd7 8. Bc7 b5 9. cxb6 Bb7 10. Bc4 e6 11. Ne2 Rc8 12. O-O Bb4 13. a3 Be7 14.
Bb3 O-O 15. Nd4 Nd5 16. Bxd5 exd5 17. Nf5 Rfe8 18. c4 Nf6 19. Nxe7+ Rxe7 20. Nc5 Bc6 21. Bd6 Ree8 22. b7 Rcd8 23. Bc7 d4 24. Bxd8 Rxd8 25. Rxd4 Rb8 26. Rd6 h5 27. Rxc6 e3 28. Rc8+ Kh7 29.
Rxb8 Ng4 30. fxe3 Nxh2 1-0

[Event "*** SCC Grand Prix: Titled Tuesday Blitz"]
[Site "Chess.com"]
[Date "2020.09.08"]
[Round "6"]
[White "Machidon"]
[Black "elegant285"]
[Result "1-0"]
[WhiteElo "2547"]
[BlackElo "2346"]
[TimeControl "180+1"]
[EndTime "11:06:24 PDT"]
[Termination "Machidon won by resignation"]

1. d4 Nf6 2. Bf4 d5 3. e3 c5 4. c3 cxd4 5. exd4 Nc6 6. Nd2 Bg4 7. Qb3 Qc8 8. Ngf3 e6 9. Bd3 Be7 10. O-O Bh5 11. Rfe1 O-O 12. a4 Bg6 13. Bf1 Ne4 14. a5 Bd6 15. Rxe4 dxe4 16. Bxd6 exf3 17. Bxf8 fxg2 18. Bxg2 Kxf8 19. a6 Rb8 20. Nc4 bxa6 21. Qa3+ Kg8 22. Qxa6 Bd3 23. Qxc8+ Rxc8 24. Nd6 Rc7 25.
Bxc6 Rxc6 26. Rxa7 h5 27. Nxf7 Rb6 28. Ne5 Be4 29.
f3 Bd5 30. b4 Rb8 31. c4 Ba8 32.
Kf2 h4 33. Ke3 h3 34. b5 Rf8 35. b6 Rb8 36. Nd7 Rd8 37. b7 1-0

[Event "*** SCC Grand Prix: Titled Tuesday Blitz"]
[Site "Chess.com"]
[Date "2020.09.08"]
[Round "6"]
[White "Smile2005"]
[Black "Sergey85Rodchenkov"]
[Result "1/2-1/2"]
[WhiteElo "2314"]
[BlackElo "2495"]
[TimeControl "180+1"]
[EndTime "11:06:25 PDT"]
[Termination "Game drawn by repetition"]

1. Nf3 Nf6 2. g3 b5 3. Bg2 Bb7 4. O-O e6 5. d3 d5 6. Nbd2 Be7 7. e4 dxe4 8. Ng5 Qc8 9. Ngxe4 O-O 10. Nxf6+ Bxf6 11. Ne4 Be7 12. Qf3 Nc6 13. Qh5 Nd4 14. c3 Nf5 15. d4 Bd5 16. Bg5 Qb7 17. Bxe7 Nxe7 18. Nc5 Qc6 19. Bxd5 Qxd5 20. Qxd5 Nxd5 21. Rfe1 a5 22. a4 Rfb8 23. axb5 a4 24. c4 Nb6 25. Rec1 Rd8 26. Na6 Rxd4 27. c5 Nd5 28. Nxc7 Nxc7 29.
b6 Nd5 30. b7 Rb8 31. c6 Nc7 32. Rd1 Rc4 33. Rd6 Kf8 34. Rad1 Nd5 35. f4 g6 36.
g4 Ke7 37. Rd7+ Ke8 38. Rd6 Ke7 39. Rd7+ Ke8 40. Rd6 Ke7 1/2-1/2

[Event "*** SCC Grand Prix: Titled Tuesday Blitz"]
[Site "Chess.com"]
[Date "2020.09.08"]
[Round "6"]
[White "bratkoo"]
[Black "dretch"]
[Result "0-1"]
[WhiteElo "2496"]
[BlackElo "2783"]
[TimeControl "180+1"]
[EndTime "11:06:26 PDT"]
[Termination "dretch won by resignation"]

1. e4 e6 2. d4 d5 3. Nd2 c5 4.
exd5 Qxd5 5. Ngf3 cxd4 6. Bc4 Qd6 7. Nb3 Qb4+ 8. Nbd2 Nc6 9. O-O Nf6 10. a3 Qd6 11. b4 Be7 12. Bb2 O-O 13. Re1 a6 14. Nb3 e5 15. b5 axb5 16. Bxb5 Bg4 17. h3 Bxf3 18. Qxf3 Rac8 19. Rad1 Qc7 20. a4 Nb4 21. Rd2 Nbd5 22. Rde2 Bb4 23. Rd1 Bc3 24. Ba3 Rfd8 25. g3 e4 26.
Rxe4 Nxe4 27. Qxe4 Bb4 28. Bxb4 Nxb4 29. Rd2 g6 30.
Rxd4 Rxd4 31. Nxd4 Rd8 32. Nf5 Nxc2 33. Nh6+ Kg7 34.
Nxf7 Kxf7 35. Bc4+ Kf8 36. Qf3+ Kg7 37. Qc3+ Rd4 0-1

[Event "*** SCC Grand Prix: Titled Tuesday Blitz"]
[Site "Chess.com"]
[Date "2020.09.08"]
[Round "6"]
[White "talyamania"]
[Black "Sacbutt"]
[Result "1-0"]
[WhiteElo "2342"]
[BlackElo "2213"]
[TimeControl "180+1"]
[EndTime "11:06:26 PDT"]
[Termination "talyamania won by resignation"]

1. e4 d5 2. exd5 Qxd5 3. Nc3 Qd6 4. d4 Nf6 5. Nf3 c6 6. Ne5 Nbd7 7. Nc4 Qc7 8. g3 Nb6 9. Ne5 Nbd7 10. Bf4 Qd8 11. Bg2 e6 12. O-O Be7 13. Re1 O-O 14. Qe2 Nb6 15. Rad1 Nbd5 16. Bd2 Nxc3 17. Bxc3 Qc7 18. b3 a5 19. a4 c5 20. Bb2 cxd4 21. Rxd4 Ra6 22.
Red1 Rd6 23. Nc4 Rxd4 24. Bxd4 Bc5 25. Be5 Qe7 26. h3 b6 27. Bd6 Bxd6 28. Rxd6 Ba6 29. Rxb6 Ra8 30. Bxa8 1-0

[Event "*** SCC Grand Prix: Titled Tuesday Blitz"]
[Site "Chess.com"]
[Date "2020.09.08"]
[Round "6"]
[White "Roaccutane"]
[Black "Tactictic"]
[Result "1-0"]
[WhiteElo "2596"]
[BlackElo "2354"]
[TimeControl "180+1"]
[EndTime "11:06:27 PDT"]
[Termination "Roaccutane won by resignation"]

1. Nf3 c5 2. c4 Nf6 3. g3 g6 4. d4 Bg7 5. d5 d6 6. Nc3 O-O 7. Bg2 e5 8. dxe6 Bxe6 9. Ng5 Nc6 10. Nxe6 fxe6 11. O-O Qd7 12. h3 Rad8 13. Bg5 h6 14. Be3 b6 15. Qd3 Ne5 16. Qc2 Nxc4 17. Bc1 Qf7 18. Rd1 d5 19. e4 d4 20. Nb5 Ne5 21. f4 Nc6 22. e5 Nd5 23. Nd6 Qe7 24. Qxg6 Rxd6 25. exd6 Qxd6 26. Re1 Rf6 27. Qe8+ Kh7 28.
Be4+ Rf5 29. g4 Nf6 30. Qxc6 1-0

[Event "*** SCC Grand Prix: Titled Tuesday Blitz"]
[Site "Chess.com"]
[Date "2020.09.08"]
[Round "6"]
[White "IveBeenThroughPain"]
[Black "CalinGheorghiu"]
[Result "1-0"]
[WhiteElo "2475"]
[BlackElo "2341"]
[TimeControl "180+1"]
[EndTime "11:06:27 PDT"]
[Termination "IveBeenThroughPain won by checkmate"]

1. e4 e6 2. Nf3 d5 3. e5 c5 4. b4 d4 5. bxc5 Bxc5 6. Bd3 Ne7 7. O-O Nbc6 8. Ba3 Bb6 9. Re1 Bc7 10. Bb2 Ng6 11.
Bxg6 hxg6 12. d3 Qd5 13. Qe2 b6 14. Ba3 Bb7 15. Nbd2 Nxe5 16. Ne4 Nxf3+ 17. Qxf3 f5 18. Ng5 Qxf3 19. Rxe6+ Kd7 20. Re7+ Kc8 21. gxf3 Bd8 22. Nf7 Bxe7 23. Bxe7 Rg8 24. Re1 Kd7 25. Ba3 Bd5 26. Re7+ Kc6 27. Ne5+ Kb5 28. Nxg6 Rge8 29. Rd7 Bxf3 30. h3 Rac8 31. Nh4 Rxc2 32. Nxf3 Rxa2 33. Nxd4+ Ka4 34. Rxa7# 1-0

[Event "*** SCC Grand Prix: Titled Tuesday Blitz"]
[Site "Chess.com"]
[Date "2020.09.08"]
[Round "6"]
[White "chessmadara"]
[Black "zajka-molotok"]
[Result "0-1"]
[WhiteElo "1894"]
[BlackElo "2380"]
[TimeControl "180+1"]
[EndTime "11:06:28 PDT"]
[Termination "zajka-molotok won by checkmate"]

1. e4 Nc6 2. Nf3 d6 3. d4 Bg4 4.
Be2 Nf6 5. Nc3 e5 6. Be3 Be7 7. Qd2 a6 8. h3 Bxf3 9. Bxf3 b5 10. g4 b4 11. Ne2 a5 12. Ng3 exd4 13. Bxd4 Nxd4 14.
Qxd4 c5 15. Qd2 Rb8 16. Nf5 O-O 17. h4 Nd7 18. O-O-O Ne5 19. Be2 c4 20. f4 c3 21.
bxc3 Ng6 22. h5 Nxf4 23. Nxe7+ Qxe7 24. Qxf4 bxc3 25. Bc4 d5 26. Rxd5 Qa3+ 27. Kd1 Rb1+ 28. Ke2 Rxh1 29. h6 Rxh6 30. g5 Rc6 31. Bd3 Qe7 32.
Qh4 g6 33. Qf4 Re6 34. e5 Re8 35. Kd1 Rxe5 36. Rd4 Re1# 0-1

[Event "*** SCC Grand Prix: Titled Tuesday Blitz"]
[Site "Chess.com"]
[Date "2020.09.08"]
[Round "6"]
[White "AsaHoffmann"]
[Black "teacher4chess"]
[Result "1-0"]
[WhiteElo "2401"]
[BlackElo "2101"]
[TimeControl "180+1"]
[EndTime "11:06:30 PDT"]
[Termination "AsaHoffmann won by resignation"]

1. d4 d5 2. Bg5 c5 3. dxc5 Nc6 4. c3 f6 5. Bh4 e5 6. e3 Bxc5 7. Nf3 Nge7 8. Nbd2 Bg4 9. Be2 e4 10. Nd4 Bxe2 11. Qxe2 Bxd4 12. exd4 Nf5 13. Bg3 O-O 14. O-O Re8 15. Rfe1 e3 16. Nf3 exf2+ 17. Qxf2 Nxg3 18. Qxg3 Qb6 19. b3 Ne7 20. Nh4 Rac8 21. Re3 g5 22.
Rae1 Kf7 23. Qg4 gxh4 24. Qh5+ Ng6 25. Qxh7+ Kf8 26. Qxg6 Rxe3 27. Rxe3 Qd6 28. Qh6+ Kf7 29. Qh7+ Kf8 30. Qh8+ Kf7 31. Qxc8 Qf4 32. Qe6+ Kg6 33. h3 Kg5 34. Qg4+ Qxg4 35. hxg4 1-0

[Event "*** SCC Grand Prix: Titled Tuesday Blitz"]
[Site "Chess.com"]
[Date "2020.09.08"]
[Round "6"]
[White "1977Ivan"]
[Black "Oligan22"]
[Result "1-0"]
[WhiteElo "2629"]
[BlackElo "2459"]
[TimeControl "180+1"]
[EndTime "11:06:31 PDT"]
[Termination "1977Ivan won on time"]

1. d4 d5 2. c4 dxc4 3. Nf3 a6 4. e3 Bg4 5. Bxc4 e6 6. h3 Bh5 7. g4 Bg6 8. Ne5 Be4 9. f3 Qh4+ 10. Ke2 Bc6 11.
Qb3 b5 12. Bd3 Bd5 13. Qc2 Bd6 14. e4 Bb7 15. a4 f6 16. axb5 fxe5 17. bxa6 Bc8 18.
dxe5 Bxe5 19. Be3 Ne7 20. Nd2 O-O 21. f4 Bxf4 22. Nf3 Qf6 23. e5 Bxe5 24. Rhf1 Bf4 25. g5 1-0

[Event "*** SCC Grand Prix: Titled Tuesday Blitz"]
[Site "Chess.com"]
[Date "2020.09.08"]
[Round "6"]
[White "WinstonSilvakov"]
[Black "Matols"]
[Result "0-1"]
[WhiteElo "2130"]
[BlackElo "2263"]
[TimeControl "180+1"]
[EndTime "11:06:31 PDT"]
[Termination "Matols won by resignation"]

1. d4 Nf6 2. e3 e6 3. Bd3 b6 4.
f4 Bb7 5. Nf3 d5 6. Nbd2 Be7 7.
O-O O-O 8. Ne5 Nbd7 9. Qf3 c5 10. c3 Rc8 11. g4 Qc7 12. g5 Nxe5 13. fxe5 Ne4 14.
Nxe4 dxe4 15. Bxe4 Bxe4 16. Qxe4 Bxg5 17. Kh1 Qc6 18.
Qxc6 Rxc6 19. Rg1 Bh6 20. e4 Bxc1 21. Raxc1 cxd4 22. cxd4 Rfc8 23. Rxc6 Rxc6 24. d5 exd5 25. exd5 Rc5 26. Rd1 Kf8 27. Kg2 Ke7 28. Rd2 f6 29. e6 Kd6 30. Kf3 Rc1 31. Re2 Rc7 32. Ke4 g6 33. Kd4 f5 34. a4 a6 35. b3 b5 36. h4 h6 37. h5 g5 38.
Rf2 f4 39. Ke4 Rc1 40. Rd2 Re1+ 41. Kf5 Re5+ 42. Kf6 g4 43. Kg6 f3 44. Kxh6 g3 45. e7 Rxe7 46. Kg5 f2 0-1

[Event "*** SCC Grand Prix: Titled Tuesday Blitz"]
[Site "Chess.com"]
[Date "2020.09.08"]
[Round "6"]
[White "Zhani-Z"]
[Black "KaterynaLagno"]
[Result "0-1"]
[WhiteElo "2500"]
[BlackElo "2698"]
[TimeControl "180+1"]
[EndTime "11:06:32 PDT"]
[Termination "KaterynaLagno won by resignation"]

1. e4 e5 2. Nf3 Nc6 3. Nc3 Nf6 4. Bb5 Nd4 5. Bc4 Bc5 6. d3 Nxf3+ 7. Qxf3 O-O 8. Bg5 Be7 9. O-O c6 10. a4 h6 11. Bh4 g5 12. Bg3 d5 13. exd5 Bg4 14.
Qe3 cxd5 15. Nxd5 Nxd5 16. Qe4 Be6 17. Bxe5 Bf6 18. Rae1 Rc8 19. h4 Bxe5 20. Qxe5 Nf4 21. Bxe6 Nxe6 22. c3 Qxd3 23. Re3 Qg6 24. Rfe1 gxh4 25.
Qh2 Rc4 26. Rh3 Ng5 27. Rhe3 Kh7 28. Kh1 Rg8 29. Re7 Rg4 30. f3 Rg3 31. Qxh4 Nxf3 32.
gxf3 Rg1+ 0-1

[Event "*** SCC Grand Prix: Titled Tuesday Blitz"]
[Site "Chess.com"]
[Date "2020.09.08"]
[Round "6"]
[White "akanga001"]
[Black "DonPreuss"]
[Result "0-1"]
[WhiteElo "1883"]
[BlackElo "2240"]
[TimeControl "180+1"]
[EndTime "11:06:33 PDT"]
[Termination "DonPreuss won by resignation"]

1. d4 Nc6 2. Nf3 d6 3. Bg5 g6 4.
e3 Bg7 5. c3 f6 6. Bf4 e5 7.
Bg3 Nge7 8. h3 O-O 9. Nbd2 Nf5 10. Bh2 d5 11. g4 Nd6 12. Qb3 Be6 13. Be2 Qd7 14.
a4 Rab8 15. a5 Ne4 16. Qc2 a6 17. Nxe4 dxe4 18. Qxe4 Bd5 19. Qc2 f5 20. gxf5 gxf5 21. c4 Be4 22. Qc3 exd4 23. Qb3 d3 24. Bd1 f4 25. Rg1 fxe3 26. fxe3 Bxf3 27. Bxf3 Rxf3 28.
Qc3 Kh8 29. O-O-O Bxc3 30. bxc3 0-1

[Event "*** SCC Grand Prix: Titled Tuesday Blitz"]
[Site "Chess.com"]
[Date "2020.09.08"]
[Round "6"]
[White "Thereisnof0rk"]
[Black "Mr_Sinigami"]
[Result "0-1"]
[WhiteElo "2269"]
[BlackElo "2553"]
[TimeControl "180+1"]
[EndTime "11:06:34 PDT"]
[Termination "Mr_Sinigami won on time"]

1. d4 Nf6 2. c4 g6 3. Nc3 Bg7 4. e4 d6 5. Nf3 O-O 6. h3 e5 7. d5 a5 8. Bg5 Na6 9. Nd2 Qe8 10. Be2 h6 11. Be3 Bd7 12. O-O Nh7 13. Re1 f5 14. exf5 gxf5 15. f4 exf4 16. Bh5 Qd8 17. Bxf4 Nc5 18.
Nf3 Nf6 19. Bg6 Nfe4 20. h4 Nxc3 21. bxc3 Qf6 22. h5 Qxc3 23. Rc1 Qd3 24. Nd2 Qd4+ 25. Be3 Qg4 26. Nf3 Be8 27. Bxe8 Raxe8 0-1

[Event "*** SCC Grand Prix: Titled Tuesday Blitz"]
[Site "Chess.com"]
[Date "2020.09.08"]
[Round "6"]
[White "FlamingPhoenix123"]
[Black "bascheyaro"]
[Result "1/2-1/2"]
[WhiteElo "2572"]
[BlackElo "2738"]
[TimeControl "180+1"]
[EndTime "11:06:36 PDT"]
[Termination "Game drawn by repetition"]

1. e4 e6 2. d4 d5 3. Nd2 c5 4. Ngf3 Nc6 5. exd5 exd5 6. Bb5 c4 7. O-O Bd6 8. b3 cxb3 9. axb3 Ne7 10. c4 O-O 11. c5 Bc7 12. Bb2 Bf5 13. Re1 a6 14. Bf1 Nb4 15. Rc1 Nec6 16. g3 Bg4 17. h3 Bh5 18. Bc3 Qf6 19. Ra1 Rae8 20. Rxe8 Rxe8 21.
Ra4 a5 22. Bb5 Re6 23. Kg2 h6 24. Ra1 Bg6 25. Qf1 Nc2 26. Rc1 N2xd4 27. Bxc6 Nxf3 28. Bxf6 Nxd2 29. Bxd5 Nxf1 30. Bxe6 fxe6 31. Bc3 Bd3 32. Rxf1 Bxf1+ 33. Kxf1 e5 34. Ke2 Kf7 35. Kd3 Ke6 36. Ke4 h5 37. h4 g6 38. Bb2 Bb8 39. Bc3 Bc7 40. Bb2 Bb8 41. Bc3 Bc7 1/2-1/2

[Event "*** SCC Grand Prix: Titled Tuesday Blitz"]
[Site "Chess.com"]
[Date "2020.09.08"]
[Round "6"]
[White "SilviusTiberius"]
[Black "novocane"]
[Result "1-0"]
[WhiteElo "2469"]
[BlackElo "2293"]
[TimeControl "180+1"]
[EndTime "11:06:40 PDT"]
[Termination "SilviusTiberius won by resignation"]

1. e4 c5 2. Nf3 Nc6 3. d4 cxd4 4. Nxd4 e5 5. Nb5 d6 6. c4 Be7 7. N1c3 a6 8. Na3 f5 9. exf5 Bxf5 10. Bd3 Be6 11. Nc2 Nf6 12. O-O O-O 13. Ne3 Nd4 14.
Ned5 Bxd5 15. Nxd5 Nxd5 16. cxd5 Rc8 17. a4 g6 18. Ra3 Bg5 19. Be3 Bxe3 20. fxe3 Nf5 21.
Bxf5 Rxf5 22. Rxf5 gxf5 23. e4 f4 24. Qg4+ Kh8 25.
h4 Rc2 26. Rc3 Qb6+ 27. Kh2 Rxc3 28. bxc3 Qc5 29. h5 h6 30. Qg6 Qf2 31. Qxh6+ Kg8 32. Qg5+ Kh8 33. h6 Qg3+ 34. Qxg3 fxg3+ 35. Kxg3 b5 36. axb5 axb5 37. Kh4 1-0

[Event "*** SCC Grand Prix: Titled Tuesday Blitz"]
[Site "Chess.com"]
[Date "2020.09.08"]
[Round "6"]
[White "skoularikii"]
[Black "MVM2008"]
[Result "1-0"]
[WhiteElo "2491"]
[BlackElo "2270"]
[TimeControl "180+1"]
[EndTime "11:06:41 PDT"]
[Termination "skoularikii won by checkmate"]

1. e4 c5 2. Nf3 Nc6 3. Bb5 g6 4. O-O Bg7 5. c3 e5 6. h3 Nge7 7.
d3 O-O 8. Re1 d6 9. Bg5 h6 10. Bh4 g5 11. Bg3 Ng6 12. Nbd2 Nf4 13. Nc4 a6 14. Bxc6 bxc6 15. Ne3 d5 16. Nh2 dxe4 17.
dxe4 Be6 18. Qa4 Qc8 19. Rad1 Qb7 20. b3 Qb5 21. Qa3 Rad8 22. c4 Qb4 23. Qb2 Nd3 24.
Rxd3 Qxe1+ 25. Nhf1 Rxd3 26. Bxe5 Bxe5 27. Qxe5 Qc3 28. Qxc5 Qd4 29. Qxc6 Rd8 30. Qb7 Qd7 31. Qxa6 Rd6 32. Qa5 Qc8 33. Qe5 Qd7 34. Qf6 Bxc4 35. Qe5 Be6 36. Ng3 Qe8 37. Ngf5 R6d7 38. Qg7# 1-0

[Event "*** SCC Grand Prix: Titled Tuesday Blitz"]
[Site "Chess.com"]
[Date "2020.09.08"]
[Round "6"]
[White "GianmarcoVaR"]
[Black "LuisFSiles"]
[Result "1-0"]
[WhiteElo "2567"]
[BlackElo "2345"]
[TimeControl "180+1"]
[EndTime "11:06:44 PDT"]
[Termination "GianmarcoVaR won on time"]

1. d4 Nf6 2. c4 g6 3. g3 Bg7 4.
Bg2 O-O 5. Nf3 d6 6. O-O c6 7. Nc3 Qa5 8. e4 e5 9. Re1 exd4 10. Nxd4 Qc5 11. Nb3 Qb4 12. Nd2 a5 13. Qc2 a4 14. a3 Qa5 15. Nf1 Be6 16. Bd2 Qa6 17. Ne3 Bxc4 18. Nxa4 Be6 19. Nc3 Nbd7 20. Ne2 Nc5 21.
Nd4 Qd3 22. Nxe6 Qxc2 23. Nxc2 fxe6 24. e5 Nd5 25. exd6 Bxb2 26. Rab1 Nd3 27. Bxd5 exd5 28.
Re3 Nc5 29. Rxb2 Ne4 30. Rxe4 dxe4 31. Rxb7 Rfd8 32. d7 Ra4 33. Bg5 1-0

[Event "*** SCC Grand Prix: Titled Tuesday Blitz"]
[Site "Chess.com"]
[Date "2020.09.08"]
[Round "6"]
[White "Resignify"]
[Black "MarceloPlaya"]
[Result "0-1"]
[WhiteElo "2220"]
[BlackElo "2348"]
[TimeControl "180+1"]
[EndTime "11:06:45 PDT"]
[Termination "MarceloPlaya won on time"]

1. e4 e6 2. d4 d5 3. Nc3 Bb4 4. e5 c5 5. a3 Bxc3+ 6. bxc3 Ne7 7. Nf3 Qa5 8. Bd2 Nbc6 9. a4 Bd7 10. Be2 c4 11. O-O O-O-O 12. Qc1 Kb8 13. Qa3 Ka8 14. Rfb1 Qc7 15. a5 f5 16. Qc5 h6 17. Bc1 g5 18. Ba3 Ng6 19. Rb5 Rh7 20. Rab1 Bc8 21. Nd2 g4 22. g3 h5 23. Bb4 Nb8 24. Qxc7 Rxc7 25. Bd6 Rcd7 26. Bxb8 Kxb8 27. R1b2 Ka8 28. Bf1 f4 29. gxf4 Nxf4 30. Nb1 h4 31. Na3 Rg8 32. Kh1 g3 33. fxg3 hxg3 34. hxg3 Rxg3 0-1

[Event "*** SCC Grand Prix: Titled Tuesday Blitz"]
[Site "Chess.com"]
[Date "2020.09.08"]
[Round "6"]
[White "Gabix_94"]
[Black "Ermito2020"]
[Result "1-0"]
[WhiteElo "2838"]
[BlackElo "2631"]
[TimeControl "180+1"]
[EndTime "11:06:46 PDT"]
[Termination "Gabix_94 won on time"]

1. Nf3 d5 2. g3 Nc6 3. d4 Bf5 4. Bg2 e6 5. O-O Nb4 6. Na3 Be7 7.
c3 Nc6 8. Qb3 Rb8 9. Bf4 g5 10.
Bd2 h5 11. c4 g4 12. Ne5 Nxd4 13. Qa4+ c6 14. cxd5 Nxe2+ 15. Kh1 h4 16. dxc6 b5 17. Qd1 h3 18. Qxe2 hxg2+ 19. Kxg2 Qd5+ 20. Kg1 f6 21. c7 Rc8 22. Nxg4 Bd3 23. Qe3 Bc5 24.
Qf4 Ke7 25. Rfe1 Bd6 26. Bb4 e5 27. Nxf6 Nxf6 28. Rxe5+ Kf7 29. Rxd5 Bxf4 30. Rxd3 Be5 31. Nxb5 Bxb2 32. Rad1 Be5 33. Bd6 1-0